 Dungeon Crawl Stone Soup version 0.24.0-41-g2ae2f7f1be (webtiles) character file.

Game seed: 18257516045905825269, levelgen mode: deterministic

4139 Iamsoldier the Fighter (level 10, 0/66 HPs)
             Began as a Gargoyle Fighter on Dec 9, 2019.
             Was an Elder of Okawaru.
             Slain by a large slime creature (28 damage)
             ... on level 7 of the Dungeon.
             The game lasted 00:13:38 (6184 turns).

Iamsoldier the Fighter (Gargoyle Fighter)           Turns: 6184, Time: 00:13:38

Health: 0/66       AC: 16    Str: 21    XL:     10   Next: 27%
Magic:  12/12      EV:  5    Int: 10    God:    Okawaru [****..]
Gold:   478        SH: 10    Dex: 10    Spells: 9/9 levels left

rFire    . . .     SeeInvis +   b - +8 rapier "Lephiegu" {pierce, MR++}
rCold    . . .     Gourm    .   c - +0 shield
rNeg     + . .     Faith    .   A - +0 plate armour
rPois    ∞         Spirit   .   (no helmet)
rElec    +         Reflect  .   p - scarf {cloud immunity}
rCorr    .         Harm     .   y - +0 pair of gloves (curse)
MR       ++...     Rnd*Rage +   i - +1 pair of boots
Stlth    ..........             t - amulet of regeneration
HPRegen  0.61/turn              n - ring of see invisible
MPRegen  0.13/turn              (no ring)

@: corroded
A: claws 1, berserk 1, negative energy resistance 1, electricity resistance,
unbreathing, petrification resistance, rot immunity, AC +7
a: Heroism, Renounce Religion


You were on level 7 of the Dungeon.
You worshipped Okawaru.
Okawaru was greatly pleased with you.
You were not hungry.

You visited 1 branch of the dungeon, and saw 7 of its levels.

You collected 478 gold pieces.

Inventory:

Hand Weapons
 a - a +3 whip of freezing
 b - the +8 rapier "Lephiegu" (weapon) {pierce, MR++}
   (You found it on level 6 of the Dungeon)

   It inflicts extra damage upon your enemies.
   It affects your resistance to hostile enchantments.
Armour
 c - a +0 shield (worn)
 i - a +1 pair of boots (worn)
 p - a scarf of cloud immunity (worn)
 y - a cursed +0 pair of gloves (worn)
 A - a +0 plate armour (worn)
Jewellery
 n - a ring of see invisible (left hand)
 t - an amulet of regeneration (around neck)
Wands
 l - a wand of polymorph (8)
Scrolls
 d - 2 scrolls of remove curse
 h - a scroll of enchant armour
 j - 6 scrolls of enchant weapon
 m - a scroll of immolation
 r - a scroll of identify
 u - 3 scrolls of fog
 z - 3 scrolls of teleportation
Potions
 e - 3 potions of cancellation
 g - a potion of brilliance
 k - a potion of lignification
 o - 3 potions of curing
Comestibles
 f - 20 rations
 q - a chunk of flesh


   Skills:
 + Level 9.2 Fighting
 * Level 3.8 Short Blades
 - Level 7.5 Maces & Flails
 + Level 7.3 Armour
 + Level 7.3 Shields
 + Level 3.0 Invocations


You had 9 spell levels left.
You didn't know any spells.
Your spell library was empty.

Dungeon Overview and Level Annotations

Branches:
Dungeon (7/15)             Temple (0/1) D:5

Altars:
Ashenzari
Okawaru
Sif Muna
Trog
Xom


Innate Abilities, Weirdness & Mutations

You are resistant to torment.
Your stone body is resilient. (AC +7)
You are immune to poison.
You resist negative energy. (rN+)
You are resistant to electric shocks. (rElec)
You can survive without breathing.
You are immune to petrification.
You are immune to rotting.
You have sharp fingernails.
You tend to lose your temper in combat.


Message History

The large slime creature hits you! The large slime creature hits you.
You are too injured to fight recklessly!
You are too injured to fight recklessly!
You are too injured to fight recklessly!
You are too injured to fight recklessly!
You are too injured to fight recklessly!
You are too injured to fight recklessly!
You are too injured to fight recklessly!
You are too injured to fight recklessly!
You are too injured to fight recklessly!
You are too injured to fight recklessly!
You are too injured to fight recklessly!
You are too injured to fight recklessly!
You are too injured to fight recklessly!
You are too injured to fight recklessly!
You are too injured to fight recklessly!
You puncture the large slime creature!
The large slime creature is moderately wounded.
The large slime creature hits you!!
You die...

## ##.......# #
##......### #
#.################## ###
##########.##..÷..(# ..#
#####....#.#.#.P.P..# ..#
#.##)....#.#)#.÷....#
..###.'.).(..#'#.#PJ....#
..##.()).......#.#.JJ...#
.###..'........#@#JPP÷P.#
......##.......#J#.....÷#
#########......##'..÷.PP#
##########..÷..÷####
##### #########.### #...#
#...#### ##..# ###....#
#..## ###... ##..# #...


You could see a large slime creature.

Vanquished Creatures
  Pikel (D:6)
  Prince Ribbit (D:5)
  Sigmund (D:2)
  A spriggan (D:7)
  2 hungry ghosts (D:7)
  2 orc warriors
  An ice beast (D:5)
  A sky beast (D:6)
  A phantom (D:5)
  A necrophage (D:6)
  3 ogres
  A big kobold (D:7)
  2 bullfrogs (D:6)
  A gnoll sergeant (D:6)
  3 scorpions
  A centaur zombie (D:7)
  6 crimson imps
  3 jellies (D:7)
  2 gnoll shamans
  9 orc wizards
  A bullfrog skeleton (D:4)
  A centaur skeleton (D:5)
  6 orc priests
  2 hounds (D:5)
  3 iguanas
  6 worker ants
  A hound zombie (D:7)
  2 hound skeletons
  2 worker ant zombies (D:7)
  20 gnolls
  A howler monkey skeleton (D:4)
  8 adders
  3 oozes
  7 worms
  3 dart slugs
  8 leopard geckos
  26 orcs
  4 ball pythons
  9 giant cockroaches
  13 goblins
  7 hobgoblins
  8 jackals (D:1)
  24 kobolds
  5 quokkas
  9 bats
  7 frilled lizards
  14 rats
243 creatures vanquished.

Vanquished Creatures (others)
  3 slaves (D:6)
  A crimson imp (D:6)
  A worker ant (D:6)
  A gnoll (D:6)
  An orc (D:6)
  A fungus (D:7)
  2 plants (D:1)
  9 toadstools (D:7)
19 creatures vanquished.

Grand Total: 262 creatures vanquished

Notes
Turn   | Place    | Note
-------+----------+-------------------------------------------
     0 | D:1      | Iamsoldier the Gargoyle Fighter began the quest for the
                  | Orb.
     0 | D:1      | Reached XP level 1. HP: 14/14 MP: 1/1
   115 | D:1      | Reached XP level 2. HP: 18/19 MP: 2/2
   519 | D:1      | Reached XP level 3. HP: 24/24 MP: 3/3
   975 | D:2      | Reached skill level 4 in Fighting
   976 | D:2      | Reached XP level 4. HP: 25/29 MP: 4/4
  1062 | D:2      | Found a shattered altar of Ashenzari.
  1320 | D:2      | Noticed Sigmund
  1344 | D:2      | Killed Sigmund
  1344 | D:2      | Reached XP level 5. HP: 12/34 MP: 5/5
  1344 | D:2      | Reached XP level 6. HP: 14/40 MP: 6/6
  1660 | D:2      | Reached skill level 5 in Fighting
  1764 | D:2      | Found a faded altar of an unknown god.
  1996 | D:3      | Found a shimmering altar of Xom.
  2087 | D:3      | Found a shimmering blue altar of Sif Muna.
  2122 | D:3      | Reached XP level 7. HP: 42/44 MP: 7/7
  2649 | D:4      | Reached skill level 5 in Maces & Flails
  2792 | D:4      | Reached skill level 6 in Fighting
  3027 | D:4      | Found an iron altar of Okawaru.
  3050 | D:4      | Became a worshipper of Warmaster Okawaru
  3119 | D:4      | You fall into a shaft and drop 2 floors!
  3121 | D:6      | Noticed Pikel
  3146 | D:6      | Gained mutation: You tend to lose your temper in combat.
                  | [potion of mutation]
  3146 | D:6      | Gained mutation: You have sharp fingernails. [potion of
                  | mutation]
  3170 | D:6      | Killed Pikel
  3170 | D:6      | Reached * piety under Okawaru
  3170 | D:6      | Reached skill level 5 in Armour
  3170 | D:6      | Reached skill level 5 in Shields
  3170 | D:6      | Reached XP level 8. HP: 52/52 MP: 8/8
  3196 | D:5      | Entered Level 5 of the Dungeon
  3245 | D:5      | Noticed Prince Ribbit
  3291 | D:5      | Reached skill level 7 in Fighting
  3441 | D:5      | Killed Prince Ribbit
  3441 | D:5      | Reached ** piety under Okawaru
  3770 | D:5      | Found a staircase to the Ecumenical Temple.
  3866 | D:5      | Reached XP level 9. HP: 58/58 MP: 9/9
  4140 | D:5      | Reached skill level 8 in Fighting
  4732 | D:6      | Reached *** piety under Okawaru
  4866 | D:6      | Noticed a moth of wrath
  4869 | D:6      | Found a bloodstained altar of Trog.
  4902 | D:6      | Identified the +8 rapier "Lephiegu" {pierce, MR++} (You
                  | found it on level 6 of the Dungeon)
  5080 | D:6      | Reached skill level 1 in Short Blades
  5149 | D:6      | Reached skill level 1 in Invocations
  5448 | D:7      | Reached **** piety under Okawaru
  5464 | D:7      | Reached XP level 10. HP: 62/65 MP: 11/11
  5518 | D:7      | Reached skill level 9 in Fighting
  6184 | D:7      | Slain by a large slime creature

Levels and vault maps discovered:
D:1:      giann_forest_graveyard, layout_loops_corners, lexackson_kobold_supper
D:2:      layout_basic, ashenzari_altar_1,
          chequers_ecumenical_altar_simple_redux,
          chequers_serial_rivers_micro_a, minmay_split_cup_large, uniq_sigmund
D:3:      layout_basic, nicolae_overflow_crystal_walls, led_xom_imps,
          first_ration
D:4:      layout_loops_ring, okawaru_altar_gauntlet_db
D:5:      layout_layer_cave, minmay_temple_entry_overgrown, uniq_prince_ribbit1
D:6:      minmay_chambers_of_sixes, layout_rooms, tgw_trog, hex_intersection,
          uniq_pikel
D:7:      cheibrodos_fertilizer, layout_cave_pods, palyth_stone_intersect,
          the_bakery, chequers_garden

Skill      XL: |  1  2  3  4  5  6  7  8  9 10 |
---------------+-------------------------------+-----
Fighting       | 4 5 6 7 8 9 |  9.2
Maces & Flails | 4 6 7 |  7.5
Armour         | 4 5 7 |  7.3
Shields        | 4 5 6 7 |  7.3
Short Blades   | 2 3 |  3.8
Invocations    | 2 3 |  3.0

Action                   |  1- 3 |  4- 6 |  7- 9 | 10-12 || total
-------------------------+-------+-------+-------+-------++-------
Melee: Flail             |   133 |    12 |       |       ||   145
       Whip              |       |   150 |   481 |       ||   631
       Rapier            |       |       |    94 |   108 ||   202
  Use: Potion            |       |     1 |    10 |       ||    11
       Scroll            |       |     8 |     5 |       ||    13
  Eat: Chunk             |       |     4 |    13 |     7 ||    24
Armor: Scale mail        |    81 |    61 |     4 |       ||   146
       Plate armour      |       |       |   365 |    79 ||   444
       Chain mail        |       |       |    20 |       ||    20
       Skin              |       |       |    15 |       ||    15
Dodge: Dodged            |    56 |    35 |    92 |    24 ||   207
Block: Shield            |    73 |    78 |   294 |    70 ||   515
